[Event "AZE-ch Women 2019"]
[Site "Baku"]
[Date "2019.02.05"]
[Round "2.2"]
[White "Balajayeva, Khanim"]
[Black "Beydullayeva, Govhar"]
[Result "1/2-1/2"]
[ECO "B22"]
[WhiteElo "2397"]
[BlackElo "2239"]
[Annotator "RC"]
[PlyCount "140"]
[EventDate "2019.02.04"]
[EventType "swiss"]
[EventCountry "AZE"]
[SourceTitle "playchess.com"]
[Source "ChessBase"]
[SourceQuality "1"]
[TimeControl "40/5400+30:1800+30"]

1. e4 c5 2. c3 Nf6 3. e5 Nd5 4. d4 cxd4 5. Nf3 Nc6 6. cxd4 d6 7. Bc4 e6 8. O-O Be7 9. Qe2 O-O 10. Rd1 Na5 11. b3 Bd7 12. Bxd5 exd5 13. Ba3 Be6 14. Nc3 a6 15. Rac1 Nc6 16. exd6 Bxd6 17. Bxd6 Qxd6 18. Ne5 Rac8 19. Nxc6 Rxc6 20. Na4 Rfc8 21. Rc5 h6 22. Rdc1 Rxc5 23. Nxc5 b6 24. Nd3 Rxc1+ 25. Nxc1 Qf4 26. Qe3 Qxe3 27. fxe3 Kf8 28. Kf2 Ke7 29. Ne2 Bf5 30. Nc3 Kd6 31. Kf3 Bd3 32. h4 Bc2 33. b4 Bd3 34. Kf4 f6 35. g3 Bc2 36. Kf3 Bd3 37. Kf2 Bf5 38. Ke2 Bg4+ 39. Kd2 Bf5 40. Ne2 g5 41. Nc3 Bg6 42. Ke2 Bc2 43. Kf3 Bf5 44. a3 Bg6 45. hxg5 hxg5 46. Kf2 g4 47. Ke2 Kc6 48. Kd2 b5 49. Ne2 Be4 50. Nc1 Kb6 51. Nb3 f5 52. Nc5 Ka7 53. Kc3 Kb6 54. a4 Ka7 55. a5 Bf3 56. Kd3 Be4+ 57. Kd2 Bf3 58. e4 fxe4 59. Ke3 Bd1 60. Kf4 Bf3 61. Nd7 Kb7 62. Ke3 Bd1 63. Nf8 Kc7 64. Ne6+ Kb7 65. Nd8+ Kc7 66. Ne6+ Kb7 67. Kf4 Bf3 68. Nc5+ Ka7 69. Nd7 Kb7 70. Nc5+ Ka7 1/2-1/2

[Event "AZE-ch Women 2019"]
[Site "Baku"]
[Date "2019.02.05"]
[Round "2.6"]
[White "Ismayil, Malak"]
[Black "Soyunlu, Narmin"]
[Result "0-1"]
[ECO "C54"]
[WhiteElo "1905"]
[BlackElo "2029"]
[Annotator "NA RC"]
[PlyCount "100"]
[EventDate "2019.02.04"]
[EventType "swiss"]
[EventCountry "AZE"]
[SourceTitle "playchess.com"]
[Source "ChessBase"]
[SourceQuality "1"]
[TimeControl "40/5400+30:1800+30"]

1. e4 e5 2. Nf3 Nc6 3. Bc4 Bc5 4. c3 Nf6 5. d4 exd4 6. e5 d5 7. Bb5 Ne4 8. cxd4 Bb6 9. Nc3 O-O 10. Be3 f5 11. exf6 Rxf6 12. O-O Bg4 13. Nxe4 (13. Be2 $11) 13... dxe4 14. Qb3+ Be6 15. Bc4 exf3 16. Bxe6+ Kh8 17. d5 fxg2 $1 18. Kxg2 Nd4 19. Bxd4 $1 Bxd4 20. f4 Qd6 21. f5 Raf8 22. Rf3 (22. Rae1 $15) 22... g6 (22... Rh6 $17 23. Rh3 Rxh3 24. Qxh3 Bxb2) 23. Raf1 gxf5 24. Rxf5 Rg6+ 25. Kh1 Rxf5 26. Bxf5 Rf6 27. Qxb7 $2 {[%emt 0:10:49] [#]} ({White should try} 27. Qf3 $15) 27... Qf8 $1 28. Qxc7 Rxf5 29. Rxf5 Qxf5 30. Qd8+ Kg7 31. Qe7+ Qf7 32. Qg5+ Kh8 33. h4 Qf3+ 34. Kh2 Bf6 35. Qg3 Qxg3+ 36. Kxg3 Bxb2 37. Kf4 Bf6 38. h5 Kg7 39. Kf5 Kf7 40. a4 Bh4 (40... Ke7 $142 41. d6+ Kf7 42. d7 a6 43. Ke4 Ke6 44. Kd3 Kxd7 45. Kc4 Kd6 46. Kb4 Kc6 47. Kc4 a5 48. h6 Bh8 49. Kb3 Kc5 50. Kc2 Kb4 51. Kd3 Kxa4 52. Kc4 Bb2 53. Kd5 Kb3 54. Ke6 a4 55. Kf7 a3 56. Kg8 a2 57. Kxh7 a1=Q 58. Kg6 Qb1+ 59. Kg5 Qe4 60. h7 Be5 61. Kh5 Qf5+ 62. Kh4 Bf4 63. h8=R Qg5+ 64. Kh3 Qg3#) 41. Kg4 Be1 42. Kf5 Ke7 43. Ke4 Kd6 44. Kd4 Bf2+ 45. Kc4 Bb6 46. Kb5 Kxd5 47. a5 Be3 48. a6 Bb6 49. Kb4 Kc6 50. Kc4 Bc7 0-1

[Event "AZE-ch Women 2019"]
[Site "Baku"]
[Date "2019.02.05"]
[Round "2.7"]
[White "Hajiyeva, Laman"]
[Black "Heydarova, Aytaj"]
[Result "0-1"]
[ECO "E47"]
[WhiteElo "2040"]
[BlackElo "1747"]
[Annotator "NA RC"]
[PlyCount "61"]
[EventDate "2019.02.04"]
[EventType "swiss"]
[EventCountry "AZE"]
[SourceTitle "playchess.com"]
[Source "ChessBase"]
[SourceQuality "1"]
[TimeControl "40/5400+30:1800+30"]

1. d4 Nf6 2. c4 e6 3. Nc3 Bb4 4. e3 O-O ({Predecessor:} 4... c5 5. Bd3 Nc6 6. Nge2 cxd4 7. exd4 d5 8. cxd5 Nxd5 9. Bc2 O-O {½-½ (29) Tisdall,J (2470)-Bern,I (2360) Norway 1995}) 5. Bd3 c5 6. Nge2 d5 $146 (6... cxd4 7. exd4 d5 {0-1 (23) Khismatullin,D (2658)-Riazantsev,A (2708) Khanty-Mansiysk 2013}) 7. cxd5 cxd4 8. exd4 Nxd5 9. O-O Nc6 10. Bc2 Re8 11. Qd3 g6 12. a3 {[%emt 0:13:36] E48: Nimzo-Indian: Rubinstein: 5 Bd3 d5 including 6 Ne2, but excluding 6 a3} (12. Bh6 Be7 13. Qf3 Bf6 14. Rad1 Bh8 15. Rfe1 Bd7 16. Bb3 Nce7 17. Nxd5 Nxd5 18. Bxd5 exd5 19. h3 Qb6 20. Nf4 Bc6 21. Nh5 Ba4 22. b3 gxh5 23. Qg3+ {0-1 (23) Khismatullin,D (2658)-Riazantsev,A (2708) Khanty-Mansiysk 2013}) 12... Bf8 13. Be3 e5 ({Predecessor:} 13... Bg7 14. Rad1 Bd7 15. Ne4 Nce7 16. Nd6 Rf8 17. Nxb7 Qb6 18. Nc5 Bb5 19. Qd2 Bxe2 20. Qxe2 Qxb2 {½-½ (29) Tisdall,J (2470)-Bern,I (2360) Norway 1995}) 14. Nxd5 Bf5 15. Qd2 Bxc2 16. Qxc2 Qxd5 17. Rfd1 Bg7 18. Nc3 Qa5 19. b4 Qc7 20. Nd5 Qb8 21. dxe5 Bxe5 (21... Qxe5 $11 {keeps the balance.} 22. Rac1 Rad8) 22. Rac1 Bxh2+ 23. Kh1 Be5 {[%emt 0:00:04] [#]} 24. Bg5 ({White must play} 24. f4 $1 $16 Bg7 25. b5) 24... h6 25. Bxh6 Qd8 26. g3 $2 {[%emt 0:03:18] [#]} (26. Qc4 $11) 26... Nd4 $1 27. Qc4 Rc8 28. Qxc8 $2 (28. Qa2 Qd7 29. Kg2) 28... Qxd5+ (28... Qxc8 $2 {perishes.} 29. Rxc8 Rxc8 30. Ne7+ {[%mdl 64] Double Attack} Kh7 31. Nxc8 $18) 29. Kh2 Rxc8 30. Rxc8+ Kh7 31. Ra1 0-1

[Event "AZE-ch Women 2019"]
[Site "Baku"]
[Date "2019.02.05"]
[Round "2.8"]
[White "Hajiyeva, Altunay"]
[Black "Babazade, Zhala"]
[Result "1/2-1/2"]
[ECO "C44"]
[WhiteElo "1315"]
[BlackElo "1823"]
[Annotator "NA RC"]
[PlyCount "61"]
[EventDate "2019.02.04"]
[EventType "swiss"]
[EventCountry "AZE"]
[SourceTitle "playchess.com"]
[Source "ChessBase"]
[SourceQuality "1"]
[TimeControl "40/5400+30:1800+30"]

1. e4 e5 2. Nf3 Nc6 3. d4 exd4 4. Nxd4 Nxd4 5. Qxd4 Qf6 6. Qd3 {[%emt 0:02:50] C45: Scotch Game} (6. e5 Qb6 7. Qf4 d5 8. Nc3 Be6 9. Bd3 O-O-O 10. O-O c5 11. b3 Ne7 12. Kh1 a6 13. Bb2 Qc7 14. Rae1 f5 {0-1 (60) Ortiz Suarez,I (2598)-Granda Zuniga,J (2659) Cochabamba 2013}) 6... Bc5 7. Qg3 Ne7 $146 ({Much weaker is} 7... Qd4 $6 8. Nc3 $16) ({Predecessor:} 7... d6 8. f3 Be3 9. Kd1 Bxc1 10. Kxc1 h6 11. Bb5+ c6 12. Bc4 Ne7 13. Nc3 Ng6 {0-1 (27) Martins,J-Nakamura,Y Goiania 2011}) 8. Nc3 c6 9. Bd3 Ng6 10. f4 Qh4 11. Bd2 Qxg3+ 12. hxg3 d6 13. Be2 Bd7 14. O-O-O b5 15. Bf3 a5 16. Ne2 b4 17. c3 h6 ({Better is} 17... O-O $14) 18. Nd4 O-O 19. Kc2 a4 20. Be1 ({Better is} 20. Nf5 $16) 20... Rfb8 21. Kc1 b3 22. a3 Ne7 23. g4 f6 24. Bg3 Rb6 25. f5 Kf7 26. Bf4 Nc8 $1 {[%emt 0:02:12] [#]} 27. Rhe1 ({Only move:} 27. Bxh6 $1 $18 gxh6 28. Rxh6) 27... Na7 $1 28. Rh1 ({White should play} 28. Ne2 $16) 28... Nc8 29. Rhe1 Na7 30. Rh1 Nc8 {[%emt 0:00:03] [#]} 31. Rhe1 $11 1/2-1/2

[Event "AZE-ch Women 2019"]
[Site "Baku"]
[Date "2019.02.05"]
[Round "2.9"]
[White "Babayeva, Samira"]
[Black "Jafarova, Aysel"]
[Result "1-0"]
[ECO "C05"]
[WhiteElo "1773"]
[BlackElo "1376"]
[Annotator "NA RC"]
[PlyCount "81"]
[EventDate "2019.02.04"]
[EventType "swiss"]
[EventCountry "AZE"]
[SourceTitle "playchess.com"]
[Source "ChessBase"]
[SourceQuality "1"]
[TimeControl "40/5400+30:1800+30"]

1. e4 e6 2. d4 d5 3. Nd2 Nf6 4. Bd3 Be7 5. c3 c5 6. e5 Nfd7 7. f4 cxd4 8. cxd4 Nc6 9. Ne2 f6 10. O-O Qb6 11. exf6 Nxf6 12. Nf3 O-O 13. Ne5 Nxd4 14. Nxd4 Qxd4+ 15. Kh1 Ne4 16. Qe2 Bd6 17. Be3 Qb4 18. a3 Qa5 19. b4 Qd8 20. Bxe4 dxe4 21. Rad1 Qe7 22. Nc4 Bxb4 23. axb4 Qxb4 24. Rd4 Qb5 25. Qf2 b6 26. Nd6 Qh5 27. Rxe4 Bd7 28. Bd4 Qd5 29. Be5 Qd3 30. Rd4 Qg6 31. Rc1 Be8 32. h3 h6 33. Rc7 Bf7 34. Nxf7 Rxf7 35. Rdd7 Qb1+ 36. Kh2 Rxd7 37. Rxd7 g6 38. Rg7+ Kf8 39. Qh4 g5 40. Qxh6 gxf4 41. Qh8# 1-0